 Dungeon Crawl Stone Soup version 0.30-a0-949-g53dc5368d7 (webtiles) character file.

Game seed: 13231417501887546281

18928 protoss039 the Covert (level 12, -30/75 HPs)
             Began as a Vampire Enchanter on Mar 27, 2023.
             Was a High Priest of Dithmenos.
             Annihilated by a skeletal warrior
             ... wielding a +0 battleaxe
              (34 damage)
             ... on level 11 of the Dungeon.
             The game lasted 00:43:00 (12790 turns).

protoss039 the Covert (Vampire Enchanter)          Turns: 12790, Time: 00:43:02

Health: -30/75     AC:  0    Str:  5 (7)  XL:     12   Next: 32%
Magic:  10/22      EV: 27    Int: 16 (18) God:    Dithmenos [*****.]
Gold:   1421       SH:  0    Dex: 22 (24) Spells: 13/24 levels left

rFire   . . .      SeeInvis +    K - melded +0 dagger (venom)
rCold   + + .      Faith    .    U - melded +2 kite shield {reflect}
rNeg    + + +      Spirit   .    b - melded +0 robe
rPois   ∞          Reflect  .    (helmet currently unavailable)
rElec   .          Rampage  .    N - melded +2 cloak {rCorr}
rCorr   .                        E - melded +1 pair of gloves
Will    +....                    I - melded +2 pair of boots {Stlth+} Stlth ***+++++++
                                 (no amulet)
HPRegen 0.00/turn                i - melded +6 ring of dexterity
MPRegen 0.18/turn                u - melded ring of wizardry

@: confusing by touch, bat-form, flying, bloodless, inhibited regen, wreathed by
umbra, very quick
A: fast, flying, no casting, tiny, bloodless, fangs 3, see invisible, vampiric 2
a: Revivify, End Transformation, Renounce Religion, Shadow Step, Shadow Form


You were on level 11 of the Dungeon.
You worshipped Dithmenos.
Dithmenos was extremely pleased with you.
You were a vampire bat.
You visited 2 branches of the dungeon, and saw 12 of its levels.
You also visited: Bailey.

You collected 1871 gold pieces.
You spent 450 gold pieces at shops.

Inventory:

Hand Weapons
 K - a +0 dagger of venom (melded)
Missiles
 g - 8 atropa-tipped darts
 y - 10 curare-tipped darts
 z - 71 poisoned darts (quivered)
 G - 4 throwing nets
Armour
 b - a +0 robe (melded)
 E - a +1 pair of gloves (melded)
 I - a +2 pair of boots of stealth (melded)
 N - a +2 cloak of preservation (melded)
 U - a +2 kite shield of reflection (melded)
Jewellery
 i - a +6 ring of dexterity (melded)
 n - a ring of resist corrosion
 u - a ring of wizardry (melded)
 D - a ring of fire
 F - a ring of protection from cold
 M - a ring of protection from fire
 S - the ring "Uvatsois" {Ice Fly Dex+3}
   (You found it on level 8 of the Dungeon)

   [ring of ice]

   It enhances your ice magic.
   Dex:       It affects your dexterity (+3).
   rF:        It makes you vulnerable to fire.
   rC:        It protects you from cold.
   Fly:       It grants you flight.
 X - an amulet of magic regeneration
Wands
 s - a wand of quicksilver (2)
 J - a wand of flame (21)
 L - a wand of iceblast (12)
 T - a wand of mindburst (7)
 V - a wand of polymorph (6)
 Y - a wand of paralysis (2)
Scrolls
 d - 2 scrolls of brand weapon {unknown}
 e - a scroll of magic mapping {unknown}
 h - 2 scrolls of torment {unknown}
 l - 4 scrolls of amnesia
 o - 3 scrolls of fog
 p - a scroll of acquirement {unknown}
 q - 2 scrolls of identify
 t - 2 scrolls of blinking
 v - 2 scrolls of teleportation
 w - 2 scrolls of summoning {unknown}
 C - 2 scrolls of silence {unknown}
 R - a scroll of poison {unknown}
Potions
 a - a potion of flight {unknown}
 c - 2 potions of invisibility
 f - 7 potions of curing
 j - 2 potions of cancellation {unknown}
 k - 2 potions of resistance {unknown}
 m - a potion of magic {unknown}
 r - 5 potions of heal wounds
 x - 5 potions of lignification {unknown}
 A - a potion of brilliance
 B - a potion of ambrosia {unknown}
 H - a potion of haste {unknown}
 O - 2 potions of attraction {unknown}
 P - 3 potions of degeneration {unknown}
 Q - a potion of mutation {unknown}
 W - 2 potions of might {unknown}


   Skills:
 * Level 8.4 Fighting
 + Level 5.9 Short Blades
 + Level 1.4 Armour
 + Level 7.8 Dodging
 * Level 14.9 Stealth
 * Level 1.7 Shields
 * Level 6.9 Spellcasting
 - Level 3.0 Conjurations
 + Level 9.6 Hexes
 + Level 3.8 Ice Magic
 * Level 6.0 Invocations


You had 13 spell levels left.
You knew the following spells:

 Your Spells              Type           Power      Damage    Failure   Level
a - Ensorcelled Hibernat  Hex/Ice        54%        N/A       1%          2
b - Confusing Touch       Hex            36%        N/A       1%          3
c - Tukima's Dance        Hex            36%        N/A       1%          3
d - Dazzling Flash        Conj/Hex       50%        N/A       2%          3

Your spell library contained the following spells:

 Spells                   Type           Power      Damage    Failure   Level
 Sublimation of Blood     Necr           5%         N/A       19%         2
 Wereblood                Tmut           5%         N/A       19%         2
 Silence                  Hex/Air        10%        N/A       43%         5
 Olgreb's Toxic Radiance  Pois           5%         N/A       77%         4
 Passage of Golubria      Tloc           5%         N/A       77%         4
 Summon Lightning Spire   Summ/Air       5%         N/A       77%         4
 Ozocubu's Refrigeration  Ice            8%         4d9       100%        7
 Storm Form               Tmut/Air       2%         N/A       100%        7
 Summon Hydra             Summ           2%         N/A       100%        7
 Ignition                 Fire           2%         3d3       100%        8
 Lehudib's Crystal Spear  Conj/Erth      5%         10d3      100%        8
 Maxwell's Capacitive Co  Air            2%         ∞         100%        8


Dungeon Overview and Level Annotations

Branches:
Dungeon (11/15) Zot: 26461  Temple (1/1) D:7 Zot: 5958    Lair (0/5) D:10
 Bailey (visited)
    Orc: D:9-12

Altars:
Ashenzari
Cheibriados
Dithmenos
Fedhas
Gozag
Hepliaklqana
Kikubaaqudgha
Makhleb
Nemelex Xobeh
Okawaru
Qazlal
Ru
Sif Muna
Trog
Uskayaw
Vehumet
Wu Jian
Xom
Yredelemnul

Shops:
D:7 [:(=[   D:9 *

Annotations:
D:5 2 transporters, mopl's ghost, novice BaHu
D:10 2 transporters


Innate Abilities, Weirdness & Mutations

You are a vampire bat.
You are tiny and dextrous.
You move quickly.
You are flying.
You are immune to poison.
Your equipment is almost entirely melded.
You are incapable of wielding weapons or throwing items.
You cannot cast spells.
You do not regenerate when monsters are visible.
You are frail without blood (-20% HP).
You can heal yourself when you bite living creatures.
You are immune to poison.
You have razor-sharp teeth.
You have supernaturally acute eyesight. (SInv)
You are afflicted with vampirism and can become a bat while bloodless.


Message History

Confirm with . or Enter, or press ? or * to list all spells.
Aiming: Tukima's Dance (safe; 1% risk of failure)
Press: ? - help, Shift-Dir - straight line, f/p - skeletal warrior
Aim: a skeletal warrior, wielding a +0 battleaxe (umbra, chance to affect: 8%)
Okay, then.
The skeletal warrior attacks as you move away!
The skeletal warrior closely misses you.
The skeletal warrior attacks as you move away!
The skeletal warrior hits you with a +0 battleaxe!
The skeletal warrior attacks as you move away!
The skeletal warrior completely misses you.
Casting: Tukima's Dance (safe; 1% risk of failure)
Confirm with . or Enter, or press ? or * to list all spells.
Your hands begin to glow red.
The skeletal warrior hits you with a +0 battleaxe!
You barely miss the skeletal warrior.
The skeletal warrior hits you from afar with a +0 trident!
You block the skeletal warrior's attack.
You hit the skeletal warrior but do no damage.
You bite the skeletal warrior, but do no damage.
The skeletal warrior hits you from afar with a +0 trident!
* * * LOW HITPOINT WARNING * * *
The skeletal warrior hits you with a +0 battleaxe!!
* * * LOW HITPOINT WARNING * * *
Unknown command.
Okay, then.
You turn into a vampire bat.
Your +0 dagger of venom melds into your body.
Your +2 cloak of preservation melds into your body.
Your +1 pair of gloves melds into your body.
Your +2 pair of boots of stealth melds into your body.
Your +2 kite shield of reflection melds into your body.
Your +0 robe melds into your body.
Your +6 ring of dexterity melds into your body.
Your ring of wizardry melds into your body.
Your +0 dagger of venom stops dripping with poison.
You feel less stealthy.
You feel clumsy.
You feel weakened.
You feel dopey.
You feel clumsy.
The skeletal warrior hits you with a +0 battleaxe!!
You die...

#... ... .# ##.. ...###
######### #... ......##
#.......###... #..#####
###........##...
##.)...#######...######......
... #####)..zzz...### ###....
.. #######b.## ##... .# #..#
#... .# #.## ##.# .# #.# #.#
.# #.# #.. .#### #. #.# +..
....# #.# #.# #.# .##. #..
#..# ##.. <# #.# .. #...


You could see 3 skeletal warriors.

Vanquished Creatures
  A two-headed ogre (D:9)
  A boulder beetle (D:11)
  Nergalle (D:11)
  2 skeletal warriors (D:11)
  A flayed ghost (D:8)
  Pikel (D:6)
  An orc knight (Bailey)
  A cyclops (D:9)
  A manticore (D:11)
  Maggie (D:10)
  2 trolls
  2 wyverns
  Sigmund (D:3)
  21 fire bats (D:8)
  20 yaks
  Grum (D:9)
  7 wraiths
  The ghost of kMk the Chopper, an amateur FoFi (D:3)
  A steam dragon (D:8)
  Edmund (D:3)
  2 water moccasins
  Duvessa (D:6)
  2 black bears
  3 ice beasts (D:7)
  9 orc warriors
  2 sky beasts
  2 ogres
  3 wolves
  A centaur (D:9)
  A lemure (D:6)
  A phantom (D:7)
  15 kobold brigands
  2 gnoll sergeants
  2 scorpions
  5 wights (D:7)
  Dowan (D:6)
  2 howler monkeys
  2 jellies
  2 hounds (D:4)
  6 orc priests
  Ijyb (D:3)
  5 gnoll boudas
  Terence (D:2)
  Jessica (D:3)
  3 iguanas
  12 orc wizards
  A hell rat (D:10)
  21 gnolls
  5 adders
  2 river rats (D:10)
  4 shadow imps
  2 worms
  4 dart slugs
  26 orcs
  7 ball pythons
  83 bats
  9 endoplasms
  2 giant cockroaches
  16 hobgoblins
  A quokka (D:3)
  2 frilled lizards (D:2)
  5 goblins
  38 kobolds
  16 rats
399 creatures vanquished.

Vanquished Creatures (collateral kills)
  3 gnolls
3 creatures vanquished.

Vanquished Creatures (others)
  5 dancing weapons
  47 plants (D:7)
52 creatures vanquished.

Grand Total: 454 creatures vanquished

Notes
Turn   | Place    | Note
-------+----------+-------------------------------------------
     0 | D:1      | protoss039 the Vampire Enchanter began the quest for the
                  | Orb.
     0 | D:1      | Reached XP level 1. HP: 13/13 MP: 3/3
    89 | D:1      | Reached XP level 2. HP: 13/19 MP: 5/5
   408 | D:1      | Learned a level 2 spell: Ensorcelled Hibernation
   683 | D:2      | Noticed Terence
   697 | D:2      | Killed Terence
   698 | D:2      | Reached skill level 1 in Fighting
   698 | D:2      | Gained mutation: You are afflicted with vampirism and can
                  | become a bat while bloodless. [Vampire growth]
   698 | D:2      | Reached XP level 3. HP: 19/26 MP: 6/6
   800 | D:2      | Reached skill level 5 in Stealth
  1114 | D:2      | Reached XP level 4. HP: 25/25 MP: 7/7
  1292 | D:2      | Learned a level 3 spell: Confusing Touch
  1305 | D:3      | Found a sparkling altar of Nemelex Xobeh.
  1320 | D:3      | Noticed Sigmund
  1329 | D:3      | Killed Sigmund
  1330 | D:3      | Reached skill level 5 in Hexes
  1330 | D:3      | Reached XP level 5. HP: 26/30 MP: 3/9
  1479 | D:3      | Found a runed translucent gate.
  1479 | D:3      | Found a runed translucent gate.
  1479 | D:3      | Found a runed translucent gate.
  1483 | D:3      | Noticed kMk's ghost (amateur FoFi)
  1498 | D:3      | Noticed Ijyb
  1502 | D:3      | Killed Ijyb
  1503 | D:3      | Reached XP level 6. HP: 32/35 MP: 10/10
  1937 | D:3      | Noticed Jessica
  1944 | D:3      | Killed Jessica
  2114 | D:3      | Learned a level 3 spell: Tukima's Dance
  2118 | D:3      | Learned a level 3 spell: Dazzling Flash
  2127 | D:3      | Killed kMk's ghost
  2128 | D:3      | Reached skill level 6 in Stealth
  2197 | D:4      | Noticed Edmund
  2203 | D:4      | Reached skill level 1 in Ice Magic
  2242 | D:3      | Killed Edmund
  2243 | D:3      | Reached skill level 1 in Conjurations
  2243 | D:3      | Reached XP level 7. HP: 22/40 MP: 4/11
  2770 | D:4      | Reached skill level 7 in Stealth
  3260 | D:5      | Entered Level 5 of the Dungeon
  3314 | D:5      | Reached XP level 8. HP: 40/40 MP: 13/13
  3383 | D:5      | Found a transporter.
  3721 | D:5      | Noticed mopl's ghost (novice BaHu)
  3790 | D:5      | Found a transporter.
  3949 | D:6      | Reached skill level 8 in Stealth
  4134 | D:6      | Noticed Duvessa
  4134 | D:6      | Noticed Dowan
  4139 | D:6      | Killed Duvessa
  4145 | D:6      | Killed Dowan
  4324 | D:6      | Found an opulent altar of Gozag.
  4384 | D:6      | Noticed Pikel
  4402 | D:6      | Killed Pikel
  4403 | D:6      | Reached skill level 5 in Dodging
  4403 | D:6      | Reached skill level 9 in Stealth
  4403 | D:6      | Reached XP level 9. HP: 45/52 MP: 3/15
  5080 | D:7      | Found Keprun's Jewellery Shoppe.
  5190 | D:7      | Reached skill level 10 in Stealth
  5282 | D:7      | Reached skill level 5 in Fighting
  5568 | D:7      | Found Pibonge's Antique Armour Shoppe.
  5717 | D:7      | Found a staircase to the Ecumenical Temple.
  5733 | Temple   | Entered the Ecumenical Temple
  5733 | Temple   | Found a transporter.
  5733 | Temple   | Found a transporter.
  5735 | Temple   | Found a transporter.
  5735 | Temple   | Found a transporter.
  5852 | D:7      | Found Cuusi's Weapon Shop.
  5876 | D:7      | Found Tiahaut's Armour Boutique.
  5901 | D:7      | Found Zojetz's Book Shop.
  5946 | D:7      | Bought a glowing cloak for 240 gold pieces
  6115 | D:7      | Reached skill level 11 in Stealth
  6690 | D:7      | Found a shadowy altar of Dithmenos.
  6692 | D:7      | Found a stormy altar of Qazlal.
  6693 | D:7      | Found a snail-covered altar of Cheibriados.
  6805 | D:7      | Became a worshipper of Dithmenos the Shadowed
  7166 | D:8      | Reached skill level 1 in Invocations
  7166 | D:8      | Reached XP level 10. HP: 60/60 MP: 17/17
  7208 | D:8      | Found a hazy altar of Hepliaklqana.
  7226 | D:8      | Reached skill level 5 in Spellcasting
  7242 | D:8      | Found a runed translucent door.
  7245 | D:8      | Found a bloodstained altar of Trog.
  7255 | D:8      | Reached * piety under Dithmenos
  7283 | D:8      | Found a shimmering altar of Xom.
  7296 | D:8      | Found an ancient bone altar of Kikubaaqudgha.
  7311 | D:8      | Noticed a flayed ghost
  7378 | D:8      | Found a shimmering blue altar of Sif Muna.
  7473 | D:8      | Reached skill level 12 in Stealth
  7500 | D:8      | Reached ** piety under Dithmenos
  7525 | D:8      | Found a radiant altar of Vehumet.
  7663 | D:8      | Found a flagged portal.
  7742 | Bailey   | Entered a bailey
  7925 | Bailey   | Noticed an orc knight
  7951 | Bailey   | Killed an orc knight
  7977 | Bailey   | Reached *** piety under Dithmenos
  7978 | Bailey   | Reached skill level 13 in Stealth
  8070 | Bailey   | Reached XP level 11. HP: 49/67 MP: 3/19
  8257 | Bailey   | Found an iron altar of Okawaru.
  8617 | D:8      | Found a blossoming altar of Fedhas.
  9482 | D:8      | Killed a flayed ghost
  9485 | D:8      | Identified the ring "Uvatsois" {Ice Fly Dex+3}
  9708 | D:9      | Reached **** piety under Dithmenos
  9858 | D:9      | Found a hazy altar of Hepliaklqana.
  9951 | D:9      | HP: 3/67 [cyclops (26)]
  9956 | D:9      | Reached skill level 5 in Short Blades
 10313 | D:9      | Noticed Grum
 10443 | D:9      | Killed Grum
 10444 | D:9      | Reached skill level 5 in Invocations
 10594 | D:9      | Noticed a two-headed ogre
 10613 | D:9      | Killed a two-headed ogre
 10614 | D:9      | Reached skill level 14 in Stealth
 10826 | D:9      | Found Goom's General Store.
 10930 | D:9      | Bought a scroll of enchant armour for 105 gold pieces
 10930 | D:9      | Bought a scroll of blinking for 105 gold pieces
 11056 | D:9      | Found a bloodstained altar of Trog.
 11139 | D:10     | Entered Level 10 of the Dungeon
 11296 | D:10     | Noticed Maggie
 11301 | D:10     | Killed Maggie
 11365 | D:10     | Found a transporter.
 11394 | D:10     | Found a basalt altar of Yredelemnul.
 11659 | D:10     | Found a transporter.
 11710 | D:10     | Noticed a death yak
 11721 | D:10     | Noticed a death yak
 11865 | D:10     | Found a staircase to the Lair.
 11900 | D:10     | Noticed a death yak
 11908 | D:10     | Reached skill level 1 in Armour
 12415 | D:11     | Noticed a boulder beetle
 12420 | D:11     | Killed a boulder beetle
 12421 | D:11     | Reached XP level 12. HP: 74/74 MP: 21/21
 12483 | D:11     | Noticed Nergalle
 12496 | D:11     | Killed Nergalle
 12496 | D:11     | Reached ***** piety under Dithmenos
 12497 | D:11     | Reached skill level 1 in Shields
 12790 | D:11     | Annihilated by a skeletal warrior

Illustrated notes

Levels and vault maps discovered:
D:1:      eino_arrival_cavern_b, layout_rooms
D:2:      layout_basic, item_on_display_b, uniq_terence
D:3:      layout_loops_ring, nemelex_xobeh_ov_fountains_minmay,
          ebering_ghost_rock_garden, uniq_sigmund, uniq_jessica, uniq_ijyb
D:4:      layout_cave_pools, st_stairs_6, uniq_edmund
D:5:      layout_gridville, gammafunk_ghost_smash
D:6:      layout_gridville, lemuel_crystal_altar, uniq_duvessa, uniq_pikel
D:7:      kennysheep_housing_project, layout_basic, minitemple,
          minmay_temple_entry_drinking_statues, serial_shops, shop, shop,
          nicolae_stop_n_shop_2, nicolae_shop_crystal, nicolae_shop_statue_plus
D:8:      due_megacathedral, layout_layer_cave, fedhas_altar_2, enter_bailey_2,
          minmay_misc_feat_enclosed
D:9:      layout_grid_maze, nicolae_hepliaklqana_hazy_memory, serial_shops,
          shop, minmay_ruined_shrine, uniq_grum
D:10:     layout_cross, led_sif_book, lemuel_crystal_altar, dpeg_lair_monsters,
          nicolae_diode_stairs, uniq_maggie
D:11:     layout_rooms, hellmonk_guarded_unrand_staff_of_battle, uniq_nergalle
Temple:   hellmonk_temple_divided_pantheon

Skill      XL: |  1  2  3  4  5  6  7  8  9 10 11 12 |
---------------+-------------------------------------+-----
Fighting       | 1 2 3 4 5 7 8 |  8.4
Stealth        | 5 6 7 9 11 13 14 | 14.9
Short Blades   | 2 3 4 5 |  5.9
Dodging        | 3 4 5 6 7 |  7.8
Hexes          | 5 6 7 8 9 |  9.6
Spellcasting   | 3 4 5 6 |  6.9
Ice Magic      | 1 2 3 |  3.8
Conjurations   | 1 3 |  3.0
Invocations    | 1 3 5 6 |  6.0
Armour         | 1 |  1.4
Shields        | 1 |  1.7

Action                     |  1- 3 |  4- 6 |  7- 9 | 10-12 || total
---------------------------+-------+-------+-------+-------++-------
  Melee: Dagger            |   101 |    45 |   229 |   596 ||   971
         Bite              |     5 |     2 |    25 |    76 ||   108
         Punch             |       |     1 |     5 |     8 ||    14
   Cast: Ensorcelled Hiber |       |     9 |   100 |   146 ||   255
         Confusing Touch   |       |     1 |     6 |    16 ||    23
         Tukima's Dance    |       |       |     9 |    20 ||    29
         Dazzling Flash    |       |       |     1 |    19 ||    20
 Invoke: Shadow Step       |       |       |       |     1 ||     1
Ability: Exsanguinate      |     1 |       |     1 |       ||     2
         Bat Form          |       |     1 |       |     1 ||     2
         End Transformatio |       |     1 |       |       ||     1
         Revivify          |       |       |     1 |       ||     1
  Evoke: Wand              |       |       |       |     4 ||     4
    Use: Scroll            |       |       |     5 |     7 ||    12
         Potion            |       |       |       |     7 ||     7
   Stab: Sleeping          |    12 |    18 |    95 |    97 ||   222
         Confused          |       |     1 |     4 |    13 ||    18
         Invisible         |       |       |     2 |     9 ||    11
         Distracted        |       |       |     2 |     4 ||     6
 Armour: Robe              |    10 |     2 |    36 |   204 ||   252
  Dodge: Dodged            |    50 |    13 |   157 |   992 ||  1212
  Block: Kite shield       |       |       |       |    52 ||    52

Table legend: (Time is in decaauts)
 A = Elapsed time spent in this place.
 B = Non-inter-level travel time spent in this place.
 C = Inter-level travel time spent in this place.
 D = Time resting spent in this place.
 E = Time spent auto-exploring this place.
 F = Levels seen in this place.
 G = Mean time per level.
                   A        B        C        D        E       F      G
               +--------+--------+--------+--------+--------+-----+--------+
         Total |  12663 |  12243 |    420 |   1979 |   7129 |  13 |  974.1 |
       Dungeon |  12086 |  11676 |    410 |   1757 |   7066 |  11 | 1098.7 |
        Temple |     41 |     31 |     10 |      0 |      2 |   1 |   41.0 |
        Bailey |    535 |    535 |      0 |    222 |     61 |   1 |  535.0 |
               +--------+--------+--------+--------+--------+-----+--------+

Top non-repeatable levels by time:
     D:8: 2194 daAuts
     D:7: 1831 daAuts
     D:9: 1542 daAuts
     D:6: 1203 daAuts
     D:3: 995 daAuts
     D:4: 963 daAuts
    D:10: 872 daAuts
     D:2: 868 daAuts
     D:5: 658 daAuts
    D:11: 537 daAuts
  Bailey: 535 daAuts
     D:1: 419 daAuts
  Temple: 41 daAuts
